 Dungeon Crawl Stone Soup version 0.29.0-7-g18a832c13a (webtiles) character file.

Game seed: 2820536613919386357

6223 browni3141 the Grappler (level 10, -4/107 HPs)
             Began as a Troll Cinder Acolyte on Aug 30, 2022.
             Was a Priest of Ignis.
             Slain by a hornet (14 damage)
             ... on level 7 of the Dungeon.
             The game lasted 00:11:48 (6357 turns).

browni3141 the Grappler (Troll Cinder Acolyte)      Turns: 6357, Time: 00:11:50

Health: -4/107     AC:  5    Str: 28    XL:     10   Next: 61%
Magic:  10/10      EV: 17    Int: 10    God:    Ignis [***...]
Gold:   408        SH:  5    Dex:  5    Spells: 11/11 levels left

rFire   + . .      SeeInvis .     - Unarmed
rCold   . . .      Faith    .   (no shield)
rNeg    . . .      Spirit   .   a - +1 robe
rPois   .          Reflect  +   (helmet restricted)
rElec   .          Harm     .   c - scarf {shadows}
rCorr   .          Rampage  .   (gloves unavailable)
Will    .....                   (boots unavailable)
Stlth   +.........              u - amulet of reflection
HPRegen 1.07/turn               E - +4 ring of evasion
MPRegen 0.12/turn               e - +4 ring of evasion

@: studying Axes
A: large, unfitting armour, claws 3, regeneration 1, shaggy fur 1, tough skin 1
a: Renounce Religion, Fiery Armour, Foxfire Swarm, Rising Flame


You were on level 7 of the Dungeon.
You worshipped Ignis.
Ignis was most pleased with you.
You visited 2 branches of the dungeon, and saw 8 of its levels.
You also visited: Bailey.

You collected 408 gold pieces.


Innate Abilities, Weirdness & Mutations

You are too large for most types of armour.
You have claws for hands.
Your natural rate of healing is unusually fast.
You are covered in fur. (AC +1)
You have tough skin. (AC +1)


   Skills:
 * Level 9.3 Fighting
 * Level 13.6 Unarmed Combat
 - Level 1.0 Spellcasting
 - Level 2.1 Fire Magic


You had 11 spell levels left.
You didn't know any spells.
Your spell library contained the following spells:

 Spells                   Type           Power      Damage    Failure   Level
 Scorch                   Fire           8%         2d5       22%         2
 Apportation              Tloc           0%         N/A       34%         1
 Freeze                   Ice            0%         1d3       34%         1
 Necrotise                Necr           0%         1d4       34%         1
 Summon Small Mammal      Summ           0%         N/A       34%         1
 Static Discharge         Conj/Air       0%         3-3/arc   45%         2
 Sublimation of Blood     Necr           0%         N/A       45%         2
 Wereblood                Tmut           0%         N/A       45%         2
 Frozen Ramparts          Ice            0%         1d1       71%         3
 Hailstorm                Conj/Ice       0%         3d3       98%         4
 Lightning Bolt           Conj/Air       0%         1d11      100%        5
 Summon Hydra             Summ           0%         N/A       100%        7
 Maxwell's Capacitive Co  Air            0%         ∞         100%        8

Inventory:

Missiles
 y - 20 boomerangs
 B - 22 poisoned darts (quivered) {@f3}
 G - a curare-tipped dart {@f4}
Armour
 a - a +1 robe (worn)
 c - a scarf of shadows (worn)
Jewellery
 e - a +4 ring of evasion (right claw)
 u - an amulet of reflection (around neck)
 E - a +4 ring of evasion (left claw)
 H - an amulet of faith {!P}
Wands
 q - a wand of mindburst (1)
Scrolls
 b - 3 scrolls of teleportation {@r4}
 h - a scroll of amnesia
 j - 3 scrolls of fear
 n - 2 scrolls of brand weapon
 p - a scroll of blinking {@r3}
 s - 2 scrolls of enchant armour
 t - a scroll of immolation {!r}
 w - 2 scrolls of enchant weapon
 x - a scroll of noise {unknown}
 A - a scroll of torment {!r}
 D - 4 scrolls of butterflies
Potions
 d - a potion of invisibility {unknown}
 f - 2 potions of might
 g - 3 potions of cancellation {unknown}
 i - 2 potions of brilliance {unknown}
 k - 2 potions of lignification {unknown}
 m - a potion of haste {@q3}
 o - 3 potions of curing {unknown}
 r - 2 potions of flight {unknown}
 v - a potion of ambrosia {unknown}
 z - 2 potions of heal wounds {unknown}
 C - a potion of berserk rage {unknown}
 F - 3 potions of mutation {unknown}
 I - 2 potions of magic {unknown}

Dungeon Overview and Level Annotations

Branches:
Dungeon (7/15)             Temple (1/1) D:6          Bailey (visited)

Altars:
Ashenzari
Cheibriados
Dithmenos
Fedhas
Gozag
Kikubaaqudgha
Makhleb
Nemelex Xobeh
Okawaru
Qazlal
Sif Muna
Trog
Uskayaw
Vehumet
Wu Jian
Xom
Yredelemnul
Zin
The Shining One

Annotations:
D:3 1 runed translucent door, jujuben's ghost, weakling OpFE
D:5 exclusion: ice beast
D:6 3 runed translucent doors, Zeldest's ghost, novice TrFi

[[..>.#....'......#
#)##.##)...###.####
#.[...#)...#*#.#
#[##..#....+,#.#
))##..##...#,#.#
[)().)...###.#.# *******
###..#######.#.# *,,,,,*
#............#.### *,***,*
#..........###.#@# *,* *,*
#............#.#y######.***,**
#.........##.#..o.......,,,,,*
#.....#'#..#,###)#.....#,*****
#.##..#....#,#...#.###.#,,,*
#....§.##..#,###....,,,***,*
###.#...§..#,*,..#...*** *,*
###.#...##...*,#.##.##****,*
.##.#...#*.###,..#*..,,,,,,*


You could see a hornet and an orc warrior.


Message History

You closely miss the orc warrior. The hornet misses you.
The orc warrior closely misses you.
You mangle the orc warrior!!
The orc warrior is almost dead.
The hornet stings you.
You feel yourself slow down. The hornet attacks as you move away!
The hornet barely misses you. The orc warrior closely misses you.
The hornet stings you!
* * * LOW HITPOINT WARNING * * *
You suddenly lose the ability to move!
The orc warrior hits you from afar with a +0 trident!
* * * LOW HITPOINT WARNING * * *
The hornet stings you!
* * * LOW HITPOINT WARNING * * *
You feel as though you will be slow longer.
The hornet stings you!
* * * LOW HITPOINT WARNING * * *
You shrug off the repeated paralysis!
The orc warrior hits you from afar with a +0 trident!
* * * LOW HITPOINT WARNING * * *
You can move again.
There is a stone staircase leading up, spattered with blood here.
Okay, then.
Unknown command.
Aiming: Mindburst
Press: ? - help, Shift-Dir - straight line, f - hornet
Aim: a hornet (chance to affect: 55%)
The hornet's mind is blasted!
You feel yourself speed up. The hornet closely misses you.
The hornet stings you!
You die...

Skill      XL: |  1  2  3  4  5  6  7  8  9 |
---------------+----------------------------+-----
Unarmed Combat | 4 5 6 8 9 12 13 | 13.6
Fighting       | 9 |  9.3
Spellcasting   | |  1.0
Fire Magic     | |  2.1

Action                   |  1- 3 |  4- 6 |  7- 9 | 10-12 || total
-------------------------+-------+-------+-------+-------++-------
Melee: Unarmed           |    95 |   106 |   186 |    12 ||   399
       Punch             |     4 |     2 |     6 |       ||    12
Throw: Dart              |       |       |     4 |       ||     4
Invok: Foxfire Swarm     |     2 |       |     1 |       ||     3
       Fiery Armour      |       |       |     2 |       ||     2
Evoke: Wand              |       |     1 |     1 |     1 ||     3
  Use: Scroll            |       |     5 |     9 |       ||    14
       Potion            |       |       |     4 |       ||     4
Armor: Robe              |    41 |    37 |    25 |     1 ||   104
Dodge: Dodged            |    74 |    57 |   104 |    13 ||   248
Block: Other             |       |       |    41 |     3 ||    44
       Reflection        |       |       |     4 |       ||     4

Levels and vault maps discovered:
D:1:      giann_forest_graveyard, layout_basic, minmay_tromino_i2
D:2:      layout_loops_cross, minmay_misc_feat_plants, feat_on_display
D:3:      layout_rooms, hellmonk_ecumenical_altar_run_dry,
          hellmonk_ghost_happy_afterlife, uniq_ijyb
D:4:      layout_loops_corners, grunt_temple_overflow_open,
          dilly_guarded_unrand_throatcut
D:5:      layout_loops_corners, amcnicky_altar_gilded, serial_aquarium,
          aquarium_bridge_square [aquarium_subvault_wall,
          aquarium_subvault_window, aquarium_subvault_bridge,
          aquarium_subvault_bridge], aquarium_window_3, aquarium_window_1,
          aquarium_window_fake, aquarium_window_1, aquarium_view_2b,
          aquarium_view_2a, uniq_blork_the_orc
D:6:      layout_cave_pods, xom_teletrap_fun, minmay_temple_entry_glass,
          gammafunk_ghost_icy, nicolae_figureground_sparkle
D:7:      layout_basic, enter_bailey_3
Temple:   minmay_temple_curvy_branch

Notes
Turn   | Place    | Note
-------+----------+-------------------------------------------
     0 | D:1      | browni3141 the Troll Cinder Acolyte began the quest for the
                  | Orb.
     0 | D:1      | Reached XP level 1. HP: 22/22 MP: 1/1
   183 | D:1      | Reached XP level 2. HP: 25/29 MP: 2/2
   876 | D:2      | Reached skill level 4 in Unarmed Combat
  1484 | D:3      | Reached XP level 3. HP: 36/36 MP: 3/3
  1515 | D:3      | Found a runed translucent door.
  1515 | D:3      | Noticed jujuben's ghost (weakling OpFE)
  1559 | D:3      | Noticed Ijyb
  1577 | D:3      | Killed Ijyb
  1688 | D:3      | Reached skill level 5 in Unarmed Combat
  1688 | D:3      | Reached XP level 4. HP: 44/44 MP: 4/4
  1763 | D:3      | Found a faded altar of an unknown god.
  2139 | D:4      | Reached XP level 5. HP: 50/50 MP: 5/5
  2159 | D:4      | Found the +7 Throatcutter {drain, coup de grace}
  2211 | D:4      | Reached skill level 6 in Unarmed Combat
  2285 | D:4      | Found an iron altar of Okawaru.
  2288 | D:4      | Found a radiant altar of Vehumet.
  2291 | D:4      | Found an ornate altar of the Wu Jian Council.
  2989 | D:5      | Entered Level 5 of the Dungeon
  3102 | D:5      | Reached XP level 6. HP: 59/59 MP: 6/6
  3236 | D:5      | Reached skill level 7 in Unarmed Combat
  3236 | D:5      | Found a snail-covered altar of Cheibriados.
  3295 | D:5      | Noticed an ice beast
  3608 | D:5      | Noticed Blork the orc
  3616 | D:5      | Killed Blork the orc
  4094 | D:6      | Reached skill level 8 in Unarmed Combat
  4094 | D:6      | Reached XP level 7. HP: 66/66 MP: 7/7
  4145 | D:6      | Noticed Zeldest's ghost (novice TrFi)
  4179 | D:6      | Found a runed translucent gate.
  4179 | D:6      | Found a runed translucent gate.
  4204 | D:6      | Found a shimmering altar of Xom.
  4208 | D:6      | Noticed a steam dragon
  4224 | D:6      | Killed a steam dragon
  4291 | D:6      | Found a runed translucent gate.
  4345 | D:6      | Reached skill level 9 in Unarmed Combat
  4462 | D:6      | Found a staircase to the Ecumenical Temple.
  4492 | Temple   | Entered the Ecumenical Temple
  5425 | D:7      | Reached XP level 8. HP: 69/74 MP: 8/8
  5434 | D:7      | Reached skill level 10 in Unarmed Combat
  5491 | D:7      | Reached skill level 11 in Unarmed Combat
  5537 | D:7      | Noticed a hornet
  5541 | D:7      | Paralysed by a hornet for 1 turns
  5544 | D:7      | Killed a hornet
  5614 | D:7      | Found a flagged portal.
  5628 | Bailey   | Entered a bailey
  5634 | Bailey   | Noticed an orc warlord
  5707 | Bailey   | Reached skill level 12 in Unarmed Combat
  5716 | Bailey   | Reached XP level 9. HP: 49/80 MP: 9/9
  5741 | Bailey   | Found a runed translucent gate.
  5741 | Bailey   | Found a runed translucent gate.
  5741 | Bailey   | Found a runed translucent gate.
  6152 | Bailey   | Killed an orc warlord
  6153 | Bailey   | Reached skill level 13 in Unarmed Combat
  6230 | D:7      | Reached skill level 9 in Fighting
  6230 | D:7      | Reached XP level 10. HP: 107/107 MP: 10/10
  6355 | D:7      | Paralysed by a hornet for 2 turns
  6356 | D:7      | HP: 9/107 [orc warrior/+0 trident (12)]
  6357 | D:7      | Slain by a hornet

Vanquished Creatures
  An orc warlord (Bailey)
  A hornet (D:7)
  A steam dragon (D:6)
  A black bear (D:6)
  6 orc warriors
  An ice beast (D:7)
  Blork the orc (D:5)
  A kobold brigand (D:7)
  A bullfrog (D:7)
  2 scorpions (D:6)
  4 wights (D:7)
  2 hounds
  A jelly (D:4)
  7 orc priests
  3 gnoll boudas
  2 iguanas
  Ijyb (D:3)
  2 orc wizards (D:7)
  11 gnolls
  5 adders
  A white imp (D:6)
  An ufetubus (D:4)
  19 orcs
  6 ball pythons
  6 endoplasms
  3 giant cockroaches
  13 goblins
  7 hobgoblins
  30 kobolds
  4 quokkas
  6 bats
  A frilled lizard (D:3)
  3 rats
154 creatures vanquished.

Vanquished Creatures (others)
  37 foxfires
  2 fungi (D:5)
39 creatures vanquished.

Grand Total: 193 creatures vanquished

Table legend: (Time is in decaauts)
 A = Elapsed time spent in this place.
 B = Non-inter-level travel time spent in this place.
 C = Inter-level travel time spent in this place.
 D = Time resting spent in this place.
 E = Time spent auto-exploring this place.
 F = Levels seen in this place.
 G = Mean time per level.
                   A        B        C        D        E       F      G
               +--------+--------+--------+--------+--------+-----+--------+
         Total |   6292 |   6167 |    125 |    255 |   4701 |   9 |  699.1 |
       Dungeon |   5461 |   5340 |    121 |    108 |   4255 |   7 |  780.1 |
        Temple |    251 |    247 |      4 |      0 |    246 |   1 |  251.0 |
        Bailey |    579 |    579 |      0 |    146 |    200 |   1 |  579.0 |
               +--------+--------+--------+--------+--------+-----+--------+

Top non-repeatable levels by time:
     D:6: 1083 daAuts
     D:5: 1074 daAuts
     D:4: 912 daAuts
     D:1: 845 daAuts
     D:3: 607 daAuts
     D:2: 605 daAuts
  Bailey: 579 daAuts
     D:7: 332 daAuts
  Temple: 251 daAuts

Table legend:
 A = Non-vault XP
 B = Vault XP
 C = Vault XP percentage of total XP
 D = Non-vault monster count
 E = Vault monster count
 F = Vault count percentage of total count
                 A         B        C        D         E       F
            +---------+---------+-------+---------+---------+-------
      Total |    2576 |    2042 |  44.2 |     115 |      39 |  25.3
            +---------+---------+-------+---------+---------+-------
        D:1 |      25 |       3 |  10.7 |      14 |       2 |  12.5
        D:2 |       7 |       0 |   0.0 |       4 |       0 |   0.0
        D:3 |     111 |      36 |  24.5 |      18 |       1 |   5.3
        D:4 |     172 |       8 |   4.4 |      24 |       7 |  22.6
        D:5 |     183 |     100 |  35.3 |       7 |       1 |  12.5
        D:6 |     772 |       0 |   0.0 |      19 |       0 |   0.0
        D:7 |    1306 |       8 |   0.6 |      29 |       4 |  12.1
     Bailey |       0 |    1887 | 100.0 |       0 |      24 | 100.0
            +---------+---------+-------+---------+---------+-------
